Map: Catalyst LE

Players

DakkoN

  • Race: Terran Terran
  • League: Master
  • Spawn Location: 5:00

Keythel

  • Race: Terran Terran
  • League: Diamond
  • Spawn Location: 11:00

Rodrago

  • Race: Zerg Zerg

Jangxhi

  • Race: Zerg Zerg
  • League: Diamond

VOD

Have the link to the VOD?

Description

Time

  • Played on: March 2, 2018, 3:09 p.m.
  • Length: 10:35
Show
View Real Time Build Order
Export as new Build Order

DakkoN Terran 

Build Orders: MMM Bio 

Get SALT Encoding   

  12  0:00  SCV  
  13  0:12  SCV  
  14  0:17  Supply Depot  
  14  0:25  SCV  
  15  0:39  SCV  
  15  0:40  Barracks  
  16  0:45  Refinery  
  16  0:51  SCV  
  17  1:03  SCV  
  18  1:15  SCV  
  19  1:28  Reaper  
  19  1:29  Orbital Command  
  21  1:54  Command Center, SCV  
  21  2:01  Marine  
  22  2:07  SCV  
  23  2:13  Barracks  
  23  2:16  Supply Depot  
  23  2:19  Barracks Reactor  
  23  2:25  Factory  
  23  2:28  Refinery  
  23  2:50  SCV  
  24  2:56  Marine x2  
  26  3:01  Barracks Tech Lab  
  26  3:02  SCV  
  27  3:08  Orbital Command  
  27  3:14  SCV  
  28  3:25  Factory Reactor, Starport  
  28  3:26  SCV  
  29  3:32  Marine  
  29  3:34  Stimpack, Marine x2  
  30  3:37  SCV  
  30  3:38  SCV  
  33  3:50  SCV  
  33  3:52  Marine x2  
  36  3:58  SCV  
  36  3:59  Marine  
  36  4:02  SCV  
  39  4:09  Marine  
  39  4:10  Marine  
  39  4:16  Engineering Bay  
  41  4:17  Engineering Bay  
  41  4:18  Supply Depot  
  41  4:19  Supply Depot  
  41  4:21  SCV x2  
  41  4:24  Marine  
  43  4:27  Marine x2  
  46  4:36  Supply Depot  
  46  4:39  Medivac x2  
  46  4:40  SCV x2  
  52  4:48  Terran Infantry Weapons Level 1, Terran Infantry Armor Level 1  
  52  4:50  Marine  
  52  4:51  Marine x2  
  55  4:55  SCV  
  55  4:56  SCV  
  57  5:04  Supply Depot  
  57  5:05  Refinery  
  57  5:08  SCV x2  
  57  5:09  Marine x3  
  62  5:26  Medivac  
  62  5:27  Marine x3, Medivac  
  69  5:29  Factory Tech Lab  
  69  5:30  SCV  
  69  5:31  SCV  
  69  5:35  Refinery, Supply Depot  
  71  5:40  Combat Shields  
  71  5:42  SCV  
  71  5:44  Marine x2  
  71  5:45  Marine  
  71  5:48  Barracks  
  75  5:50  Barracks  
  75  6:02  Marine x3  
  78  6:20  Marine x3  
  81  6:29  Medivac x2  
  85  6:38  Marine  
  86  6:46  Marine  
  86  6:47  Marine  
  86  6:56  Supply Depot  
  86  6:57  Armory  
  86  7:17  Marine  
  86  7:18  Marine x2, SCV x2  
  91  7:30  SCV  
  91  7:35  Marine x2  
  91  7:36  Marine  
  81  7:53  Marine x2  
  83  8:05  Marine  
  84  8:07  Barracks Reactor x2  
  84  8:11  Marine x2  
  84  8:12  Command Center  
  86  8:13  Command Center  
  75  8:23  Marine  
  75  8:25  SCV x2  
  78  8:28  Supply Depot  
  78  8:29  Supply Depot, Marine x2  
  78  8:30  Supply Depot  
  78  8:32  Supply Depot  
  80  8:37  SCV  
  80  8:40  Marine  
  82  8:44  Siege Tank  
  82  8:46  Marine x4  
  82  8:47  Marine, Marauder  
  90  8:58  Marine  
  90  9:02  Engineering Bay  
  91  9:04  Marine x5  
  91  9:08  Marauder  
  98  9:16  Medivac x2, Siege Tank, Marine  
  106  9:21  Marine  
  106  9:22  Marine x4  
  111  9:29  Marine  
  112  9:34  Marine  
  112  9:37  Orbital Command x2  
  113  9:39  Marine  
  113  9:40  Marine x4  
  113  9:41  Command Center  
  118  9:47  Marine  
  118  9:48  Siege Tank  
  118  9:52  Marine  
  123  9:57  Marine  
  123  9:58  Marine x3  
Show
View Real Time Build Order
Export as new Build Order

Keythel Terran 

Build Orders:  

Get SALT Encoding   

  12  0:01  Drone  
  13  0:13  Overlord  
  13  0:22  Drone  
  14  0:32  Drone x2  
  16  0:36  Drone  
  17  0:54  Hatchery  
  16  0:57  Drone  
  17  1:04  Drone  
  18  1:16  Extractor  
  17  1:19  Spawning Pool  
  17  1:20  Drone  
  17  1:25  Drone  
  18  1:41  Drone  
  18  1:44  Drone  
  20  1:53  Overlord  
  20  2:06  Queen x2  
  23  2:14  Zergling x4  
  25  2:20  Metabolic Boost  
  25  2:23  Drone  
  26  2:30  Drone x3  
  29  2:47  Drone x3  
  31  3:13  Overlord  
  31  3:14  Overlord  
  31  3:19  Drone x5  
  35  3:36  Drone x6  
  41  3:54  Overlord  
  41  3:59  Hatchery  
  40  4:07  Overlord  
  40  4:08  Drone  
  40  4:09  Drone x5  
  46  4:14  Baneling Nest  
  45  4:19  Queen  
  45  4:20  Evolution Chamber  
  45  4:21  Evolution Chamber  
  45  4:28  Extractor, Drone x7  
  45  4:30  Extractor  
  49  4:51  Zerg Melee Weapons Level 1  
  49  4:56  Queen  
  49  4:59  Lair  
  51  5:00  Drone x4  
  51  5:03  Drone x4  
  51  5:05  Overlord x3  
  59  5:13  Extractor  
  59  5:14  Zerg Ground Armor Level 1  
  58  5:24  Zergling x8  
  64  5:39  Zergling x6  
  64  5:40  Zergling x4  
  63  5:58  Baneling x4  
  63  6:03  Zergling x8  
  63  6:08  Baneling x4  
  61  6:11  Overlord x2  
  61  6:12  Centrifical Hooks  
  61  6:20  Zergling x8  
  61  6:21  Zergling x4  
  61  6:22  Hatchery  
  61  6:25  Overlord x2  
  64  6:33  Queen  
  64  6:35  Zergling x8  
  66  6:53  Zerg Melee Weapons Level 2  
  66  7:00  Overseer  
  66  7:03  Hatchery, Infestation Pit  
  52  7:37  Zergling x10  
  52  7:38  Zergling x14  
  40  7:52  Hydralisk Den  
  40  7:58  Baneling x13  
  38  7:59  Baneling  
  38  8:03  Zergling x6  
  38  8:04  Zergling x16  
  49  8:07  Lair  
  49  8:08  Zerg Ground Armor Level 2  
  49  8:11  Zergling x2  
  48  8:19  Drone  
  45  8:28  Drone  
  46  8:46  Hatchery  
  30  9:17  Drone x11  
  31  9:18  Queen  
  43  9:28  Zergling x2  
  44  9:52  Baneling x2  
  44  10:02  Zergling x2  
  44  10:03  Zergling x12  
Show
View Real Time Build Order
Export as new Build Order

Rodrago Zerg 

Build Orders:  

Get SALT Encoding   

Show
View Real Time Build Order
Export as new Build Order

Jangxhi Zerg 

Build Orders:  

Get SALT Encoding   

Tags
 
Add a new tag
Caveats
  • Supply blocks, unpowered buildings, or Contaminate may cause inaccurate times.
  • Supply counts are checked every 10 seconds.